 Dungeon Sprint DCSS version 0.22.1-1-ga44c0e56f4 (webtiles) character file.

7340 MuseOD the Unseen (level 10, -23/60 HPs)
             Began as a Spriggan Enchanter on Oct 2, 2018.
             Was a High Priest of Dithmenos.
             Annihilated by a spriggan defender
             ... wielding a +0 dagger
              (26 damage)
             ... in the Dungeon (Sprint III: "The Ten Rune Challenge").
             The game lasted 00:04:51 (751 turns).

MuseOD the Unseen (Spriggan Enchanter)               Turns: 751, Time: 00:04:52

Health: -23/60     AC:  4    Str:  4    XL:     10   Next: 91%
Magic:  18/18      EV: 18    Int: 21    God:    Dithmenos [*****.]
Gold:   133        SH:  0    Dex: 18    Spells: 7/19 levels left

rFire    + . .     SeeInvis +   p - +0 dagger (speed)
rCold    . . .     Gourm    .   (shield restricted)
rNeg     . . .     Faith    .   t - +2 robe
rPois    .         Spirit   .   (helmet restricted)
rElec    .         Reflect  .   (no cloak)
rCorr    .         Harm     .   (gloves unavailable)
MR       +....     NoTele   +   (boots unavailable)
Stlth    ++++++++++             (no amulet)
HPRegen  0.20/turn              (no ring)
MPRegen  0.16/turn              (no ring)

@: berserk cooldown, slowed, wreathed by umbra, quick
A: very small, unfitting armour, fangs 1, see invisible, clever 1, fire
resistance 1, herbivore, speed 3, slow metabolism 2, evolution 1
a: Shadow Step, Shadow Form, Renounce Religion


You were in the Dungeon.
You worshipped Dithmenos.
Dithmenos was extremely pleased with you.
You were not hungry.

You visited 1 branch You collected 133 gold pieces.

Inventory:

Hand Weapons
 a - a +1 dagger
 p - a +0 dagger of speed (weapon)
 s - a +3 dagger of holy wrath
Armour
 b - a +0 robe
 t - a +2 robe (worn)
Wands
 q - a wand of digging (20)
Scrolls
 c - a scroll of torment {unknown}
 j - a scroll of blinking
 k - 3 scrolls of identify
 l - 3 scrolls of remove curse
 n - a scroll of holy word {unknown}
Potions
 e - 2 potions of curing
 f - a potion of heal wounds
 g - a potion of haste
 i - a potion of berserk rage
 m - 2 potions of flight {unknown}
 o - 3 potions of mutation
 r - a potion of might
Comestibles
 d - 4 rations


   Skills:
 + Level 11.0 Fighting
 * Level 18.5 Short Blades
 - Level 3.0 Dodging
 + Level 18.8 Stealth
 + Level 5.1 Spellcasting
 + Level 2.4 Conjurations
 + Level 5.6 Hexes


You had 7 spell levels left.
You knew the following spells:

 Your Spells              Type           Power        Failure   Level  Hunger
a - Corona                Hex            ####...      1%          1    None
b - Ensorcelled Hibernat  Hex/Ice        ###...       4%          2    None
c - Confuse               Hex            ####....     3%          3    ##.....
d - Dazzling Spray        Conj/Hex       ###...       6%          3    ##.....
e - Mephitic Cloud        Conj/Pois/Air  #.......     22%         3    ##.....

Your spell library contained the following spells:

 Spells                   Type           Power        Failure   Level  Hunger
 Confusing Touch          Hex            ####..       1%          1    None
 Slow                     Hex            ####....     1%          2    None
 Magic Dart               Conj           ###.         3%          1    None
 Tukima's Dance           Hex            ####....     3%          3    ##.....
 Blink                    Tloc           N/A          16%         2    None
 Call Imp                 Summ           #.......     16%         2    None
 Conjure Flame            Conj/Fire      ##......     19%         3    ##.....
 Gell's Gravitas          Tloc           #.........   32%         3    ##.....
 Metabolic Englaciation   Hex/Ice        ###.......   67%         5    #####..
 Yara's Violent Unravell  Hex/Tmut       ###.......   67%         5    #####..
 Petrify                  Tmut/Erth      #.......     71%         4    ####...


Dungeon Overview and Level Annotations

Branches:
Dungeon (1/1)

Altars:
Dithmenos
Elyvilon
Kikubaaqudgha
Okawaru
Ru
Sif Muna
Trog
Uskayaw
Vehumet
Wu Jian
Yredelemnul
Zin
The Shining One
Beogh

Shops:
D (%%:*}[?[?=!

Annotations:
D exclusions: obsidian statue and 4 statues


Innate Abilities, Weirdness & Mutations

You are very small and have problems with some larger weapons.
You are too small for most types of armour.
You have supernaturally acute eyesight. (SInv)
You are a herbivore.
You cover ground extremely quickly.
You need to consume almost no food.
You have very sharp teeth.
Your mind is acute. (Int +2)
Your flesh is heat resistant. (rF+)
You evolve.


Message History

Casting: Ensorcelled Hibernation (safe; 4% risk of failure)
Confirm with . or Enter, or press ? or * to list all spells.
Aiming: Dazzling Spray (safe; 6% risk of failure)
Press: ? - help, Shift-Dir - straight line The spray of energy misses the spriggan defender.
The spriggan defender barely misses you.
The spriggan defender closely misses you.
The spriggan defender hits you with a dagger.
Evoke which item? (* to show all) (? for menu, Esc to quit)
Okay, then.
Unknown command.
Casting: Dazzling Spray (safe; 6% risk of failure)
Confirm with . or Enter, or press ? or * to list all spells.
Okay, then.
Okay, then.
Magic courses through your body.
The spriggan defender hits you with a dagger!!
* * * LOW HITPOINT WARNING * * *
The spriggan defender hits you with a dagger!!
You die...

##'########
#...'.≈≈≈§#
#)..#.≈≈≈≈#
#..)#.#≈≈≈#
#####.# §≈≈#
#)PPP.# ≈≈§≈
#))PP.# ≈≈≈
#..)PP# ≈≈ #...i@#
≈ #'##### #.....+
#.####### #.#%PP..
#)#PP.. ########
#.#... ###.∩⌠⌠∩.#
#.#i. ###8#.∩⌠⌠∩.#
#.#i###...#.∩∩∩∩.#


You could see a spriggan defender.

Vanquished Creatures
  Dowan (D)
  Josephine (D)
  A centaur warrior (D)
  An unseen horror (D)
  A deep elf mage (D)
  4 crystal guardians (D)
  Duvessa (D)
  2 spriggan defenders (D)
  An orc high priest (D)
  A shadow (D)
  A necrophage (D)
  2 centaurs (D)
  An earth elemental (D)
  3 orc priests (D)
  A jelly (D)
  A wizard (D)
  Jessica (D)
  A necromancer (D)
  3 humans (D)
  A kobold demonologist (D)
  A wolf (D)
  An ooze (D)
  2 rats (D)
33 creatures vanquished.

Vanquished Creatures (others)
  2 draconian scorchers (D)
  6 hellions (D)
  A yaktaur (D)
  A plant (D)
10 creatures vanquished.

Grand Total: 43 creatures vanquished

Notes
Turn   | Place    | Note
-------+----------+-------------------------------------------
     0 | D        | MuseOD the Spriggan Enchanter began the quest for the Orb.
     0 | D        | Reached XP level 1. HP: 9/9 MP: 5/5
     4 | D        | Reached skill level 1 in Fighting
     4 | D        | Reached skill level 5 in Stealth
    44 | D        | Noticed Jessica
    49 | D        | Killed Jessica
    49 | D        | Reached XP level 2. HP: 15/15 MP: 6/6
    49 | D        | Reached XP level 3. HP: 18/18 MP: 8/8
    53 | D        | Learned a level 2 spell: Ensorcelled Hibernation
    57 | D        | Learned a level 3 spell: Confuse
    77 | D        | Reached skill level 5 in Short Blades
   100 | D        | Killed a hellion
   101 | D        | Killed a hellion
   132 | D        | Killed a hellion
   132 | D        | Killed a hellion
   162 | D        | Killed a hellion
   189 | D        | Gained mutation: You evolve. [potion of mutation]
   189 | D        | Gained mutation: Your mind is acute. (Int +2) [potion of
                  | mutation]
   189 | D        | Gained mutation: You have very sharp teeth. [potion of
                  | mutation]
   189 | D        | Gained mutation: Your flesh is heat resistant. (rF+)
                  | [potion of mutation]
   191 | D        | Killed a white draconian scorcher
   203 | D        | Noticed a water elemental
   225 | D        | Killed a white draconian scorcher
   233 | D        | Found a basalt altar of Yredelemnul.
   233 | D        | Found a shadowy altar of Dithmenos.
   233 | D        | Found a sacrificial altar of Ru.
   233 | D        | Noticed a necrophage
   233 | D        | Noticed a necromancer
   235 | D        | Killed a necromancer
   235 | D        | Reached XP level 4. HP: 24/24 MP: 9/9
   236 | D        | Killed a necrophage
   236 | D        | Reached XP level 5. HP: 29/29 MP: 10/10
   243 | D        | Became a worshipper of Dithmenos the Shadowed
   250 | D        | Found a hide-covered altar of Uskayaw.
   250 | D        | Found an iron altar of Okawaru.
   254 | D        | Found a glowing silver altar of Zin.
   254 | D        | Found a glowing golden altar of the Shining One.
   254 | D        | Found a white marble altar of Elyvilon.
   254 | D        | Noticed a deep elf mage
   257 | D        | Killed a deep elf mage
   257 | D        | Reached XP level 6. HP: 37/37 MP: 11/11
   257 | D        | Reached XP level 7. HP: 41/41 MP: 12/12
   268 | D        | Found a radiant altar of Vehumet.
   268 | D        | Found a deep blue altar of Sif Muna.
   268 | D        | Found an ancient bone altar of Kikubaaqudgha.
   272 | D        | Reached * piety under Dithmenos
   292 | D        | Found a roughly hewn altar of Beogh.
   292 | D        | Found a bloodstained altar of Trog.
   292 | D        | Found an ornate altar of the Wu Jian Council.
   292 | D        | Noticed a human
   292 | D        | Noticed a human
   292 | D        | Killed a hellion
   294 | D        | Killed a human
   295 | D        | Killed a human
   309 | D        | Noticed a shadow
   313 | D        | Killed a shadow
   313 | D        | Reached ** piety under Dithmenos
   313 | D        | Reached XP level 8. HP: 46/46 MP: 9/13
   328 | D        | Killed a yaktaur
   350 | D        | Noticed Josephine
   352 | D        | Killed Josephine
   352 | D        | Reached skill level 15 in Stealth
   377 | D        | Noticed a centaur warrior
   379 | D        | Reached *** piety under Dithmenos
   379 | D        | Reached skill level 15 in Short Blades
   379 | D        | Reached XP level 9. HP: 52/52 MP: 14/14
   381 | D        | Killed a centaur warrior
   392 | D        | Noticed an unseen horror
   394 | D        | Killed an unseen horror
   394 | D        | Reached **** piety under Dithmenos
   399 | D        | Noticed Dowan
   399 | D        | Noticed Duvessa
   401 | D        | Killed Duvessa
   406 | D        | Killed Dowan
   406 | D        | Reached skill level 10 in Fighting
   406 | D        | Reached XP level 10. HP: 56/60 MP: 7/15
   442 | D        | Learned a level 3 spell: Dazzling Spray
   446 | D        | Learned a level 3 spell: Mephitic Cloud
   596 | D        | Noticed a crystal guardian
   596 | D        | Noticed a crystal guardian
   596 | D        | Noticed a crystal guardian
   596 | D        | Noticed a crystal guardian
   598 | D        | Killed a crystal guardian
   598 | D        | Reached skill level 1 in Conjurations
   600 | D        | Killed a crystal guardian
   600 | D        | Reached ***** piety under Dithmenos
   603 | D        | Killed a crystal guardian
   606 | D        | Killed a crystal guardian
   606 | D        | Reached skill level 5 in Hexes
   608 | D        | Noticed a fire elementalist statue
   608 | D        | Noticed a water elementalist statue
   608 | D        | Noticed an earth elementalist statue
   608 | D        | Noticed an air elementalist statue
   633 | D        | Found Hachiuw's Gadget Emporium.
   633 | D        | Found Hojunel's Magic Scroll Shop.
   633 | D        | Found Lastitop's Book Boutique.
   633 | D        | Found Huwazxouxu's Distillery.
   633 | D        | Found Gudgh's General Store.
   633 | D        | Found Otuv's Antique Armour Emporium.
   633 | D        | Found Lyjebb's Food Shoppe.
   633 | D        | Found Tukepp's Jewellery Shop.
   633 | D        | Found Yxypig's Food Shop.
   633 | D        | Found Wihauphe's Magic Scroll Emporium.
   633 | D        | Found Akaru's Antique Weapon Emporium.
   633 | D        | Found Emeaqoifi's Armour Boutique.
   680 | D        | Noticed an obsidian statue
   738 | D        | HP: 3/90 [spriggan defender/dagger (22)]
   740 | D        | Reached skill level 5 in Spellcasting
   751 | D        | HP: 3/60 [spriggan defender/dagger (25)]
   751 | D        | Annihilated by a spriggan defender

Skill      XL: |  1  2  3  4  5  6  7  8  9 10 |
---------------+-------------------------------+-----
Fighting       | 2 3 4 6 7 8 10 11 | 11.0
Short Blades   | 4 6 8 11 13 15 17 18 | 18.5
Stealth        | 6 8 9 12 13 15 18 | 18.8
Spellcasting   | 5 |  5.1
Conjurations   | 2 |  2.4
Hexes          | 5 |  5.6
Dodging        | |  3.0

Action                   |  1- 3 |  4- 6 |  7- 9 | 10-12 || total
-------------------------+-------+-------+-------+-------++-------
Melee: Dagger            |     7 |     2 |    17 |    52 ||    78
       Bite              |       |       |       |     5 ||     5
 Cast: Ensorcelled Hiber |     2 |       |       |       ||     2
       Confuse           |       |       |     2 |     4 ||     6
       Dazzling Spray    |       |       |       |     6 ||     6
Invok: Shadow Step       |       |       |     1 |     1 ||     2
  Use: Potion            |     1 |       |       |     4 ||     5
       Scroll            |       |       |     1 |       ||     1
 Stab: Sleeping          |     5 |     2 |    12 |     6 ||    25
       Confused          |       |       |     3 |     2 ||     5
Dodge: Dodged            |     2 |       |       |    23 ||    25
